 Dungeon Crawl Stone Soup version 0.19-a0-2242-gc784e87 (webtiles) character file.

932 Amnesiac the Zephyrmancer (level 8, 0/41 HPs)
             Began as a Tengu Air Elementalist on Mar 11, 2017.
             Was a Believer of Sif Muna.
             Blown up by Pikel (20 damage)
             ... with a wand of disintegration
             ... on level 6 of the Dungeon.
             The game lasted 00:10:47 (3831 turns).

Amnesiac the Zephyrmancer (Tengu Air Elementalist)  Turns: 3831, Time: 00:10:47

Health: 0/41       AC:  4 (0%)Str: 10   XL:     8   Next: 11%
Magic:  2/14       EV: 12    Int: 17    God:    Sif Muna [**....]
Gold:   263        SH:  5    Dex: 14    Spells: 1/14 levels left

rFire    . . .     SeeInvis +   i - +0 trident (venom)
rCold    . . .     Faith    .   a - +0 robe
rNeg     . . .     Spirit   .   (no shield)
rPois    .         Reflect  +   (helmet restricted)
rElec    .                      g - +0 cloak
rCorr    .                      l - +0 pair of gloves
MR       .....                  (boots unavailable)
Stlth    ++........             t - +5 amulet of reflection
Regen    0.2/turn               (no ring)
MPRegen  0.3/turn               s - ring of see invisible

@: repel missiles, divine energy
A: beak, talons 3, able to fly 1
a: Fly, Stop Divine Energy, Renounce Religion


You were on level 6 of the Dungeon.
You worshipped Sif Muna.
Sif Muna was pleased with you.
You were not hungry.

You visited 1 branch of the dungeon, and saw 6 of its levels.

You collected 263 gold pieces.

Inventory:

Hand Weapons
 i - a +0 trident of venom (weapon)
Armour
 a - a +0 robe (worn)
 g - a +0 cloak (worn)
 l - a +0 pair of gloves (worn)
Jewellery
 k - an uncursed amulet of regeneration
 s - a ring of see invisible (left hand)
 t - a +5 amulet of reflection (around neck)
Scrolls
 b - 2 scrolls of enchant armour
 d - a scroll of fog
 e - a scroll of blinking
 h - 2 scrolls of fear
 j - 4 scrolls of teleportation
 o - a scroll of magic mapping
 q - a scroll of amnesia
 r - a scroll of recharging
 u - a scroll of enchant weapon
Potions
 c - a potion of might
 f - 2 potions of lignification
 m - a potion of flight
 n - 2 potions of mutation
 p - a potion of haste


   Skills:
 - Level 2.1 Dodging
 - Level 2.0 Stealth
 + Level 3.8 Spellcasting
 * Level 8.0 Conjurations
 * Level 8.2 Air Magic


You had one spell level left.
You knew the following spells:

 Your Spells              Type           Power        Failure   Level  Hunger
a - Repel Missiles        Chrm/Air       17 (50)      4%          2    ##.....
b - Static Discharge      Conj/Air       31 (100)     1%          3    ###....
d - Swiftness             Chrm/Air       17 (100)     4%          2    ##.....
g - Lightning Bolt        Conj/Air       31 (200)     17%         5    ######.
z - Shock                 Conj/Air       25 (25)      1%          1    None


Dungeon Overview and Level Annotations

Branches:
Dungeon (6/15)             Temple (0/1) D:4
   Lair: D:-1         Crypt: Vaults:-1     Tomb: Vaults:-1

Altars:
Cheibriados
Elyvilon
Gozag
Hepliaklqana
Sif Muna
Vehumet
The Shining One

Shops:
D:2 *

Annotations:
D:6 Pikel


Innate Abilities, Weirdness & Mutations

You have a beak for a mouth.
You have claws for feet.
You can fly.


Message History

Pikel is struck by lightning (6).
Pikel is moderately wounded.
The lightning arcs!
You are struck by lightning (1).
The lightning grounds out.
Pikel zaps a wand.
You are blasted!
It is a wand of disintegration (6).
The slave hits you (1).
Casting: Static Discharge
Confirm with . or Enter, or press ? or * to list all spells.
The slave is struck by lightning (3).
The slave is almost dead.
The lightning arcs!
The slave is struck by lightning (7).
The slave is moderately wounded.
The lightning arcs!
The slave is struck by lightning (5).
You kill the slave!
That felt strangely unrewarding.
The lightning grounds out.
Casting: Static Discharge
Confirm with . or Enter, or press ? or * to list all spells.
Pikel is struck by lightning (8).
Pikel is heavily wounded.
The lightning grounds out.
Pikel zaps a wand.
You are blasted!
You die...

.# .. p..................#
.# .p ..#.#.#.#.#.#....#
## # #. #...............#
#
#.###'#####.#.#.#.#.######
.....................#
..........#p#.#.#.#.##
..........pp.........#
#..#####.##K#.#.#.#.## # '
###.@.........#
#..#.#.#.#.#.##
#.............#
#..#.#.#.#.#.##
#.....######## #......#
#......# #.....## #.....##


You could see Pikel and 3 slaves.

Vanquished Creatures
  A slave (D:6)
  A centaur (D:5)
  A wyvern zombie (D:5)
  A scorpion (D:6)
  2 crimson imps (D:6)
  A howler monkey (D:3)
  A quasit (D:4)
  A centaur skeleton (D:6)
  A jelly (D:5)
  3 orc priests
  4 hounds
  An orc wizard (D:5)
  5 worker ants
  A hound zombie (D:5)
  4 adders
  A shadow imp (D:5)
  A dart slug (D:4)
  21 orcs
  3 quokkas
  6 giant cockroaches
  7 goblins
  3 hobgoblins
  6 jackals
  2 ball pythons
  9 bats
  9 frilled lizards
  13 kobolds
  A quokka skeleton (D:4)
  10 rats
120 creatures vanquished.

Notes
Turn   | Place    | Note
-------+----------+-------------------------------------------
     0 | D:1      | Amnesiac the Tengu Air Elementalist began the quest for the Orb.
     0 | D:1      | Reached XP level 1. HP: 10/10 MP: 4/4
    89 | D:1      | Reached XP level 2. HP: 15/15 MP: 0/6
    93 | D:1      | Learned a level 2 spell: Repel Missiles
   411 | D:3      | Reached XP level 3. HP: 19/19 MP: 0/7
   511 | D:3      | Found a deep blue altar of Sif Muna.
   587 | D:3      | Became a worshipper of Sif Muna the Loreminder
   766 | D:2      | Learned a level 3 spell: Static Discharge
  1201 | D:2      | Found a faded altar of an unknown god.
  1229 | D:2      | Reached XP level 4. HP: 23/24 MP: 8/8
  1347 | D:2      | Found a glowing golden altar of the Shining One.
  1361 | D:2      | Found Gozag's Platinum Reserve.
  1426 | D:2      | Found an opulent altar of Gozag.
  1644 | D:3      | Reached skill level 5 in Air Magic
  1644 | D:3      | Gained mutation: You can fly. [Tengu growth]
  1644 | D:3      | Reached XP level 5. HP: 22/28 MP: 9/9
  1773 | D:3      | Found a white marble altar of Elyvilon.
  2032 | D:3      | Reached skill level 5 in Conjurations
  2084 | D:3      | Found a radiant altar of Vehumet.
  2094 | D:3      | Found a snail-covered altar of Cheibriados.
  2098 | D:3      | Found a hazy altar of Hepliaklqana.
  2288 | D:4      | Found a staircase to the Ecumenical Temple.
  2390 | D:4      | Reached * piety under Sif Muna
  2390 | D:4      | Reached XP level 6. HP: 32/32 MP: 5/10
  2620 | D:5      | Entered Level 5 of the Dungeon
  2742 | D:5      | Reached XP level 7. HP: 24/36 MP: 2/12
  3145 | D:5      | Reached ** piety under Sif Muna
  3602 | D:6      | Noticed a wyvern
  3755 | D:6      | Learned a level 5 spell: Lightning Bolt
  3758 | D:6      | Learned a level 2 spell: Swiftness
  3768 | D:6      | Reached XP level 8. HP: 37/41 MP: 11/14
  3820 | D:6      | Noticed Pikel
  3831 | D:6      | Blown up by Pikel

Vault maps used:
D:1:      eino_arrival_cavern_a
D:2:      nicolae_gozag_zags_fifth_avenue, overflow_temple_1_default,
          ecumenical_altar_1, st_stairs_4, due_unseen_surprise
D:3:      lemuel_round_altar, lemuel_round_altar,
          minmay_overflow_temple_star_quad
D:4:      minmay_temple_entry_enclosed_plants, fountainhead
D:6:      lightli_temple_of_fire, st_stairs_11, uniq_pikel

Skill      XL: |  1  2  3  4  5  6  7  8 |
---------------+-------------------------+-----
Conjurations   | 2 3 4 5 6 7 8 |  8.0
Air Magic      | 5 6 8 |  8.2
Spellcasting   | 3 |  3.8
Dodging        | |  2.1
Stealth        | |  2.0

Action                   |  1- 3 |  4- 6 |  7- 9 || total
-------------------------+-------+-------+-------++-------
Melee: Kick              |     5 |    14 |     6 ||    25
       Unarmed           |     1 |       |       ||     1
       Trident           |    24 |    92 |    38 ||   154
       Long sword        |     4 |       |       ||     4
       Peck              |     2 |    11 |     5 ||    18
 Cast: Shock             |    47 |    21 |    20 ||    88
       Repel Missiles    |     1 |     3 |       ||     4
       Static Discharge  |       |    11 |    20 ||    31
Invok: Divine Energy     |       |     1 |       ||     1
  Use: Potion            |       |     1 |       ||     1
 Stab: Sleeping          |     5 |     2 |     3 ||    10
Armor: Robe              |     7 |    29 |     8 ||    44
Dodge: Dodged            |    21 |    75 |    27 ||   123
       Deflected         |     1 |     5 |       ||     6
Block: Other             |       |       |    12 ||    12
